 Dungeon Crawl Stone Soup version 0.21-a0-508-gf08a75f (webtiles) character file.

32 kiturien the Shield-Bearer (level 3, -2/33 HPs)
             Began as a Minotaur Fighter on Nov 28, 2017.
             Slain by Sigmund
             ... wielding a +0 scythe
              (8 damage)
             ... on level 2 of the Dungeon.
             The game lasted 00:00:45 (742 turns).

kiturien the Shield-Bearer (Minotaur Fighter)        Turns: 742, Time: 00:00:46

Health: -2/33      AC:  7    Str: 21    XL:     3   Next: 8%
Magic:  2/2        EV:  7    Int:  5    God:
Gold:   32         SH:  9    Dex:  9    Spells: 2/2 levels left

rFire    . . .     SeeInvis .   a - +0 long sword
rCold    . . .     Gourm    .   c - +0 shield
rNeg     . . .     Faith    .   b - +0 scale mail
rPois    .         Spirit   .   (helmet restricted)
rElec    .         Reflect  .   (no cloak)
rCorr    .         Harm     .   (no gloves)
MR       .....                  (no boots)
Stlth    ..........             (no amulet)
HPRegen  0.11/turn              (no ring)
MPRegen  0.08/turn              (no ring)

@: no status effects
A: retaliatory headbutt, horns 2
a: no special abilities


You were on level 2 of the Dungeon.
You were not hungry.

You visited 1 branch of the dungeon, and saw 2 of its levels.

You collected 32 gold pieces.

Inventory:

Hand Weapons
 a - a +0 long sword (weapon)
Armour
 b - a +0 scale mail (worn)
 c - a +0 shield (worn)
Scrolls
 e - a scroll of fear {unknown}
 g - a scroll of teleportation {unknown}
 h - a scroll of enchant weapon {unknown}
 j - a scroll of identify {unknown}
 k - a scroll of remove curse {unknown}
Potions
 d - a potion of might
 i - a potion of agility {unknown}
Comestibles
 f - 2 bread rations


   Skills:
 + Level 4.1 Fighting
 + Level 2.7 Long Blades
 + Level 4.0 Armour
 + Level 4.2 Shields


You had 2 spell levels left.
You didn't know any spells.

Dungeon Overview and Level Annotations

Branches:
Dungeon (2/15)

Altars:
The Shining One

Annotations:
D:2 Sigmund


Innate Abilities, Weirdness & Mutations

You reflexively headbutt those who attack you in melee.
You have a pair of horns on your head.


Message History

Your shield and scale mail prevent you from hitting something.
Something hits you.
You miss something. Something hits you but does no damage.
Your shield and scale mail prevent you from hitting something.
You hear some strange, mumbled words.
A magic dart appears from out of thin air!
The magic dart hits you!
Your shield and scale mail prevent you from hitting something.
You hear some strange, mumbled words.
You are confused.
Something hits you but does no damage. Something hits you.
* * * LOW HITPOINT WARNING * * *
Something hits you.
* * * LOW HITPOINT WARNING * * *
Something hits you but does no damage.
You're too confused to move!
You feel less confused. Something hits you!
You die...

.. . #.##......
#....######.##......
..........#.#...##..
.......##.#.#.#....#
.........#...#....#
#..#.#..#..###...# ####
#....#....## #..#
#.$..##........##...+#..
#....@...#..##..#..##.
#.....{....## .#.#..
#..........### #._.#.
###.####.#.).# .#.#.. #
#.###..# ..#..# #.# ...#
#.# ...# #.# .#..# #.
##..


There were no monsters in sight!

Vanquished Creatures
  An ooze (D:2)
  A dart slug (D:1)
  4 bats
  A giant cockroach (D:1)
  6 goblins
  3 hobgoblins
  2 jackals (D:1)
  2 kobolds
  A rat (D:1)
21 creatures vanquished.

Notes
Turn   | Place    | Note
-------+----------+-------------------------------------------
     0 | D:1      | kiturien the Minotaur Fighter began the quest for the Orb.
     0 | D:1      | Reached XP level 1. HP: 19/19 MP: 0/0
   102 | D:1      | Reached XP level 2. HP: 27/27 MP: 1/1
   657 | D:2      | Reached XP level 3. HP: 28/33 MP: 2/2
   714 | D:2      | Found a glowing golden altar of the Shining One.
   719 | D:2      | Noticed Sigmund
   742 | D:2      | Slain by Sigmund

Vault maps used:
D:1:      lightli_arrival_statue_moat
D:2:      tso_metal_star, first_bread, minmay_bisected, uniq_sigmund,
          uniq_terence

Skill      XL: |  1  2 |
---------------+-------+-----
Shields        | 4 |  4.2
Armour         | 4 |  4.0
Fighting       | 4 |  4.1
Long Blades    | |  2.7

Action                   || total
-------------------------++-------
Melee: Long sword        ||    51
       Headbutt          ||    16
Armor: Scale mail        ||    38
Dodge: Dodged            ||     9
Block: Shield            ||    23
       Rpst.: Long sword ||     2

Table legend:
 A = Spawn XP
 B = Non-spawn XP
 C = Spawn XP percentage of total XP
 D = Spawn monster count
 E = Non-spawn monster count
 F = Spawn count percentage of total count
 G = Total turns spent on level
                    A         B        C        D         E        F      G
               +---------+---------+-------+---------+---------+-------+---------
         Total |       0 |      46 |   0.0 |       0 |      21 |   0.0 |   742
               +---------+---------+-------+---------+---------+-------+---------
           D:1 |       0 |      28 |   0.0 |       0 |      14 |   0.0 |   624
           D:2 |       0 |      18 |   0.0 |       0 |       7 |   0.0 |   118
               +---------+---------+-------+---------+---------+-------+---------
